 Dungeon Crawl Stone Soup version 0.30-a0-824-g6c64550be9 (webtiles) character file.

Game seed: 8243636472842208250

128 DrKenneth the Trooper (level 4, -1/41 HPs)
             Began as a Minotaur Fighter on Feb 27, 2023.
             Slain by a gnoll
             ... wielding a +0 spear
              (5 damage)
             ... on level 3 of the Dungeon.
             The game lasted 00:03:15 (2011 turns).

DrKenneth the Trooper (Minotaur Fighter)            Turns: 2011, Time: 00:03:16

Health: -1/41      AC:  7    Str: 23    XL:     4   Next: 86%
Magic:  3/3        EV:  9    Int:  5    God:
Gold:   166        SH:  4    Dex:  9    Spells: 3/3 levels left

rFire   . . .      SeeInvis .    a - +0 war axe
rCold   . . .      Faith    .    c - +0 buckler
rNeg    . . .      Spirit   .    b - +0 scale mail
rPois   .          Reflect  .    l - +0 hat
rElec   .          Harm     .    (no cloak)
rCorr   .          Rampage  .    (no gloves)
Will    .....                    (no boots) Stlth
                                 (no amulet)
HPRegen 0.26/turn                (no ring)
MPRegen 0.08/turn                (no ring)

@: no status effects
A: horns 2, retaliatory headbutt
a: no special abilities


You were on level 3 of the Dungeon.
You visited 1 branch of the dungeon, and saw 3 of its levels.

You collected 166 gold pieces.

Inventory:

Hand Weapons
 a - a +0 war axe (weapon)
 n - a +0 morningstar
Armour
 b - a +0 scale mail (worn)
 c - a +0 buckler (worn)
 l - a +0 hat (worn)
Jewellery
 i - a +6 ring of intelligence
Wands
 r - a wand of flame (14)
Scrolls
 e - 5 scrolls of identify {unknown}
 f - a scroll of enchant weapon {unknown}
 g - 2 scrolls of teleportation {unknown}
 h - a scroll of amnesia {unknown}
 j - a scroll of blinking {unknown}
 k - 2 scrolls of vulnerability {unknown}
 q - a scroll of brand weapon {unknown}
 s - a scroll of magic mapping {unknown}
Potions
 d - a potion of might
 m - 2 potions of attraction {unknown}
 o - 3 potions of curing {unknown}
 p - a potion of haste {unknown}


   Skills:
 + Level 4.6 Fighting
 + Level 3.6 Axes
 + Level 4.6 Armour
 + Level 4.6 Shields


You had 3 spell levels left.
You didn't know any spells.
Your spell library was empty.

Dungeon Overview and Level Annotations

Branches:
Dungeon (3/15)

Altars:
Gozag

Shops:
D:1 ?


Innate Abilities, Weirdness & Mutations

You have a pair of horns on your head.
You reflexively headbutt those who attack you in melee.


Message History

You closely miss the gnoll. The gnoll hits you but does no damage.
You closely miss the gnoll. Your headbutt misses the gnoll.
The gnoll completely misses you.
You hit the gnoll but do no damage. Your headbutt misses the gnoll.
The gnoll hits you with a +0 spear. You block the gnoll's attack.
You hit the gnoll.
The gnoll is lightly wounded.
The gnoll hits you but does no damage.
You slash the gnoll!
You kill the gnoll!
You barely miss the gnoll. The gnoll barely misses you.
The gnoll closely misses you. The gnoll hits you with a +0 flail.
You slash the gnoll!
The gnoll is almost dead.
The gnoll hits you with a +0 flail. The gnoll closely misses you.
You hit the gnoll.
You kill the gnoll!
The gnoll hits you from afar with a +0 spear!
The gnoll hits you from afar with a +0 spear.
You block the gnoll's attack.
You closely miss the gnoll. Your headbutt misses the gnoll.
You block the gnoll's attack.
The gnoll hits you from afar with a +0 spear.
* * * LOW HITPOINT WARNING * * *
You hit the gnoll.
The gnoll is lightly wounded.
The gnoll closely misses you.
The gnoll hits you from afar with a +0 spear.
* * * LOW HITPOINT WARNING * * *
You barely miss the gnoll. The gnoll hits you with a +0 flail.
* * * LOW HITPOINT WARNING * * *
The gnoll barely misses you. You block the gnoll's attack.
The gnoll barely misses you.
You closely miss the gnoll. The gnoll barely misses you.
You furiously retaliate!
You headbutt the gnoll! The gnoll barely misses you.
You slash the gnoll!
You kill the gnoll!
The gnoll misses you. The gnoll hits you but does no damage.
The gnoll hits you with a +0 spear.
You die...

#####.............##......#
#######.....).....##......#
..................##........
..................###...##.#
.........##...#######.### #
.........####..# #.....#
.........# ##.###>....#
.........# #..##.....###
.).......# ##.@g......<.
.######### ####.#...... .#
#.# ..... .# #....gg# ....
.# ....###g. ..# .# .. ....
.. ## ....# . #....# #....#


You could see a gnoll.

Vanquished Creatures
  Terence (D:2)
  3 gnolls (D:3)
  2 worms (D:3)
  4 dart slugs
  An orc (D:3)
  4 ball pythons
  2 endoplasms
  A giant cockroach (D:1)
  8 goblins
  8 hobgoblins
  3 jackals (D:1)
  9 kobolds
  A quokka (D:1)
  A bat (D:2)
  3 frilled lizards
  4 rats
55 creatures vanquished.

Notes
Turn   | Place    | Note
-------+----------+-------------------------------------------
     0 | D:1      | DrKenneth the Minotaur Fighter began the quest for the Orb.
     0 | D:1      | Reached XP level 1. HP: 19/19 MP: 0/0
   107 | D:1      | Reached XP level 2. HP: 25/27 MP: 1/1
   429 | D:1      | Found Peawotow's Magic Scroll Shoppe.
   434 | D:1      | Reached XP level 3. HP: 33/33 MP: 2/2
   840 | D:2      | Found an opulent altar of Gozag.
  1439 | D:2      | Noticed Terence
  1444 | D:2      | Killed Terence
  1445 | D:2      | Reached XP level 4. HP: 31/41 MP: 3/3
  2007 | D:3      | HP: 2/41 [gnoll/+0 flail (5)]
  2011 | D:3      | Slain by a gnoll

Illustrated notes

Levels and vault maps discovered:
D:1:      wander_arrival_peaceful_grave, layout_loops_ring, serial_shops, shop
D:2:      layout_basic, basic_altar, uniq_terence
D:3:      layout_basic, general_overflow_altar, minmay_tree_intersection

Skill      XL: |  1  2 |
---------------+-------+-----
Armour         | 4 |  4.6
Fighting       | 4 |  4.6
Shields        | 4 |  4.6
Axes           | 3 |  3.6

Action                     |  1- 3 |  4- 6 || total
---------------------------+-------+-------++-------
  Melee: War axe           |    92 |    36 ||   128
         Headbutt          |    10 |     4 ||    14
 Armour: Scale mail        |    44 |     9 ||    53
  Dodge: Dodged            |    46 |    19 ||    65
  Block: Buckler           |    19 |    10 ||    29

Table legend: (Time is in decaauts)
 A = Elapsed time spent in this place.
 B = Non-inter-level travel time spent in this place.
 C = Inter-level travel time spent in this place.
 D = Time resting spent in this place.
 E = Time spent auto-exploring this place.
 F = Levels seen in this place.
 G = Mean time per level.
                   A        B        C        D        E       F      G
               +--------+--------+--------+--------+--------+-----+--------+
         Total |   2060 |   2001 |     59 |    188 |   1381 |   3 |  686.7 |
       Dungeon |   2060 |   2001 |     59 |    188 |   1381 |   3 |  686.7 |
               +--------+--------+--------+--------+--------+-----+--------+

Top non-repeatable levels by time:
     D:2: 1050 daAuts
     D:1: 737 daAuts
     D:3: 271 daAuts
